 Dungeon Crawl Stone Soup version 0.17-a0-1769-g54adf96 (webtiles) character file.

962 thrall606 the Skirmisher (level 7, -3/49 HPs)
             Began as a Demonspawn Abyssal Knight on Sept 7, 2015.
             Was an Initiate of Makhleb.
             Slain by a small abomination (4 damage)
             ... created by the touch of Lugonu
             ... on level 5 of the Dungeon.
             The game lasted 00:18:52 (4834 turns).

thrall606 the Skirmisher (DsAK)                     Turns: 4834, Time: 00:18:53

Health: -3/49      AC: 13    Str: 13    XL:     7   Next: 92%
Magic:  9/9        EV: 13    Int: 14    God:    Makhleb [......]
Gold:   215        SH:  5    Dex: 18    Spells: 0 memorised, 6 levels left

rFire  . . .     SeeInvis .     p - +5 mace "Sefyni" {drain, rPois Dex+3}
rCold  + . .     Clarity  +     c - +4 ring mail {rC+}
rNeg   . . .     SustAt   .     e - +0 buckler
rPois  +         Gourm    .     n - +0 helmet
rElec  .         Spirit   .     (no cloak)
rCorr  .         Warding  .     g - +1 pair of gloves
rMut   .         Stasis   .     (no boots)
MR     .....                    (no amulet)
Stlth  +++.......               (no ring)
                                f - ring of poison resistance

@: non-regenerating, diseased, not resistant to hostile enchantments, fairly
stealthy
A: claws 1, thin skeletal structure 1, clarity, frail 1, nightstalker 1, powered
by death 2, evolution 1, MP-powered wands
a: Renounce Religion


You were on level 5 of the Dungeon.
You worshipped Makhleb.
Makhleb was noncommittal.
You were not hungry.

You visited 2 branches of the dungeon, and saw 6 of its levels.
You visited the Abyss 1 time.

You collected 215 gold pieces.

Inventory:

Hand weapons
 a - a +1 falchion
 p - the +5 mace "Sefyni" (weapon) {drain, rPois Dex+3}
   (You found it on level 5 of the Dungeon)

   A truly terrible weapon, it drains the life of those it strikes.
   It affects your dexterity (+3).
   It protects you from poison.
 t - a +2 short sword of distortion
Armour
 b - a +0 leather armour
 c - a +4 ring mail of cold resistance (worn)
 d - a +0 ring mail
 e - a +0 buckler (worn)
 g - a +1 pair of gloves (worn)
 n - a +0 helmet (worn)
Jewellery
 f - a ring of poison resistance (left hand)
Scrolls
 i - 3 scrolls of identify
 o - a scroll of remove curse
 r - a scroll of recharging
 v - a scroll of fear {unknown}
Potions
 j - 2 potions of might
 k - 2 potions of heal wounds
 q - 3 potions of curing
 s - 2 potions of flight
Comestibles
 h - a beef jerky
 l - 5 bread rations
 m - 2 meat rations


   Skills:
 + Level 4.3 Fighting
 + Level 0.1(2.4) Short Blades
 + Level 4.0 Long Blades
 + Level 4.2 Armour
 + Level 4.2 Dodging
 + Level 2.0 Stealth
 + Level 2.1 Shields
 + Level 3.0 Invocations


You had 6 spell levels left.
You didn't know any spells.

Dungeon Overview and Level Annotations

Branches:
Dungeon (5/15)             Temple (1/1) D:5

Altars:
Ashenzari
Dithmenos
Elyvilon
Fedhas
Gozag
Kikubaaqudgha
Makhleb
Okawaru
Qazlal
Ru
Sif Muna
Trog
Vehumet
Xom
Yredelemnul
Zin
The Shining One


Innate Abilities, Weirdness & Mutations

You have sharp fingernails.
You have a somewhat thin skeletal structure (Dex +2, Stealth).
You are slightly more attuned to the shadows.
You regenerate health from kills.
You possess an exceptional clarity of mind.
You are frail (-10% HP).
You evolve.
You expend magic power (3 MP) to strengthen your wands.


Message History

You feel yourself growing ill in the presence of the ancient zyme.
You closely miss the small abomination.
The small abomination closely misses you. x2
The ancient zyme hits you! You block the ancient zyme's attack.
You sock the small abomination!
The small abomination is heavily damaged.
The small abomination hits you! The ancient zyme closely misses you.
The ancient zyme barely misses you.
You feel ill.
The small abomination hits you but does no damage.
You sock the small abomination!
The small abomination is severely damaged.
The small abomination closely misses you.
The ancient zyme misses you. The ancient zyme hits you!
The small abomination hits you!
* * * LOW HITPOINT WARNING * * *
The ancient zyme hits you but does no damage.
The ancient zyme hits you.
* * * LOW HITPOINT WARNING * * *
The small abomination hits you.
You die...

#....# ##.....##
#.###.# #.#### #.#+###
#.###.# #.# #...#
#..(... #.# ###.#
#####.# ... ##.## #.#
#.. ##..(## #.# ####
#..<..# ######.#
#..####xx.######......#
#.....@..........######
..################


You could see an ancient zyme and a small abomination.

Vanquished Creatures
  Grinder (D:4)
  A hippogriff (D:4)
  A sky beast (D:5)
  2 phantoms (D:3)
  A crimson imp (D:5)
  A hound (D:5)
  An orc wizard (D:5)
  An iguana (D:4)
  Terence (D:2)
  A worker ant (D:4)
  3 adders
  An ooze (D:3)
  An adder skeleton (D:4)
  7 worms
  2 giant geckos
  12 orcs
  3 giant cockroaches
  6 goblins
  10 hobgoblins
  6 jackals
  10 bats
  A giant gecko skeleton (D:4)
  4 giant newts
  8 kobolds
  A quokka (D:5)
  A quokka skeleton (D:4)
  A quokka zombie (D:5)
  4 rats
92 creatures vanquished.

Vanquished Creatures (others)
  An orc priest (D:5)
1 creature vanquished.

Grand Total: 93 creatures vanquished

Notes
Turn   | Place    | Note
--------------------------------------------------------------
     0 | Abyss:1  | thrall606 the Demonspawn Abyssal Knight began the quest for the Orb.
     0 | Abyss:1  | Reached XP level 1. HP: 18/18 MP: 2/2
    48 | Abyss:1  | Found a shattered altar of Ashenzari.
    71 | Abyss:1  | Noticed a ynoxinul
    72 | D:1      | Escaped the Abyss
   154 | D:1      | Reached skill level 1 in Dodging
   156 | D:1      | Acquired Lugonu's first power
   309 | D:1      | Gained mutation: You regenerate a little health from kills. [demonic ancestry]
   309 | D:1      | Reached XP level 2. HP: 9/24 MP: 4/4
  1079 | D:2      | Noticed Terence
  1096 | D:2      | Killed Terence
  1096 | D:2      | Gained mutation: You have sharp fingernails. [demonic ancestry]
  1096 | D:2      | Reached XP level 3. HP: 29/29 MP: 5/5
  1480 | D:2      | Acquired Lugonu's second power
  1549 | D:2      | Gained mutation: You regenerate health from kills. [demonic ancestry]
  1549 | D:2      | Reached XP level 4. HP: 35/35 MP: 6/6
  1871 | D:2      | Reached skill level 1 in Shields
  2423 | D:3      | Noticed a phantom
  2424 | D:3      | Found a shadowy altar of Dithmenos.
  2532 | D:3      | Killed a phantom
  2532 | D:3      | Gained mutation: You have a somewhat thin skeletal structure (Dex +2, Stealth). [demonic ancestry]
  2532 | D:3      | Reached XP level 5. HP: 23/41 MP: 7/7
  2853 | D:4      | Noticed a phantom
  2856 | D:4      | Noticed a hippogriff
  2927 | D:3      | Killed a phantom
  2927 | D:3      | Gained mutation: You are slightly more attuned to the shadows. [demonic ancestry]
  2927 | D:3      | Reached XP level 6. HP: 26/48 MP: 8/8
  3443 | D:4      | Killed a hippogriff
  3443 | D:4      | Reached XP level 7. HP: 23/53 MP: 9/9
  3589 | D:4      | Reached skill level 1 in Stealth
  3665 | D:4      | Noticed Grinder
  3665 | D:4      | Paralysed by Grinder for 7 turns
  3675 | D:4      | Paralysed by Grinder for 4 turns
  3686 | D:4      | Killed Grinder
  3686 | D:4      | Reached skill level 4 in Fighting
  3690 | D:4      | Gained mutation: You can spit weak poison. [potion of mutation]
  3690 | D:4      | Gained mutation: Your magical capacity is low (-10% MP). [potion of mutation]
  3690 | D:4      | Gained mutation: You tend to lose your temper in combat. [potion of mutation]
  3691 | D:4      | Gained mutation: Armour fits poorly on your strangely shaped body. [potion of mutation]
  3691 | D:4      | Gained mutation: Your magical capacity is very low (-20% MP). [potion of mutation]
  3692 | D:4      | Lost mutation: You tend to lose your temper in combat. [potion of cure mutation]
  3692 | D:4      | Lost mutation: Armour fits poorly on your strangely shaped body. [potion of cure mutation]
  3692 | D:4      | Lost mutation: Your magical capacity is very low (-20% MP). [potion of cure mutation]
  3692 | D:4      | Lost mutation: Your magical capacity is low (-10% MP). [potion of cure mutation]
  3692 | D:4      | Lost mutation: You can spit weak poison. [potion of cure mutation]
  3802 | D:5      | Entered Level 5 of the Dungeon
  4204 | D:5      | Found a staircase to the Ecumenical Temple.
  4213 | Temple   | Entered the Ecumenical Temple
  4349 | Temple   | Fell from the grace of Lugonu
  4377 | Temple   | Became a worshipper of Makhleb the Destroyer
  4562 | D:5      | Found an iron altar of Okawaru.
  4571 | D:5      | Got an ebony mace
  4623 | D:5      | Identified the +5 mace "Sefyni" {drain, rPois Dex+3} (You found it on level 5 of the Dungeon)
  4817 | D:5      | Gained mutation: You possess an exceptional clarity of mind. [mutagenic meat]
  4818 | D:5      | Gained mutation: You evolve. [mutagenic meat]
  4819 | D:5      | Gained mutation: You are frail (-10% HP). [mutagenic meat]
  4820 | D:5      | Gained mutation: You expend magic power (3 MP) to strengthen your wands. [mutagenic meat]
  4829 | D:5      | Noticed an ancient zyme
  4833 | D:5      | HP: 1/49 [ancient zyme[the touch of Lugonu] (5)]
  4834 | D:5      | Slain by a small abomination

Vault maps used:
D:1:      nicolae_arrival_somewhat_less_tricky_arrival
D:2:      serial_bayou, serial_bayou_lagoon_a, serial_bayou_shore_b,
          serial_bayou_crossing, serial_bayou_pond_d, uniq_terence
D:3:      grunt_dithmenos_smoke, first_bread
D:4:      uniq_grinder
D:5:      kennysheep_little_box, minmay_temple_entry_fiery,
          okawaru_ov_weapons_minmay
Temple:   eino_wide_crystal_templ_15
Abyss:1:  abyss_exit_lava, hangedman_abyss_stitches_cave

Action                   |  1- 3 |  4- 6 |  7- 9 || total
-------------------------+-------+-------+-------++-------
Melee: Falchion          |   128 |   272 |    26 ||   426
       Short sword       |       |       |    52 ||    52
       Mace              |       |       |    18 ||    18
Invok: Depart the Abyss  |     1 |       |       ||     1
       Renounce Religion |       |       |     1 ||     1
  Use: Potion            |     4 |     5 |     6 ||    15
       Scroll            |     5 |     7 |       ||    12
 Stab: Sleeping          |       |     2 |     1 ||     3
  Eat: Bread ration      |     1 |       |       ||     1
       Chunk             |       |     3 |     7 ||    10
       Royal jelly       |       |     1 |       ||     1
       Pizza             |       |       |     1 ||     1
